 Dungeon Crawl Stone Soup version 0.32-a0-411-g744942f433 (webtiles) character file.

Game seed: 17535050097370167638

122149 Rudyous the Fighter (level 16, -1/142 HPs)
             Began as a Demonspawn Alchemist on Feb 16, 2024.
             Was a High Priest of Vehumet.
             Slain by a +5 glaive of freezing (2 damage)
             ... on level 2 of the Elven Halls on Feb 20, 2024.
             The game lasted 02:02:49 (38180 turns).

Rudyous the Fighter (Demonspawn Alchemist)         Turns: 38180, Time: 02:02:50

Health: -1/142     AC: 17    Str:  9    XL:     16   Next: 34%
Magic:  32/32      EV: 15    Int: 32    God:    Vehumet [*****.]
Gold:   1415       SH:  5    Dex: 20    Spells: 3/39 levels left

rFire   + . .        e - +0 dagger
rCold   + . .        (no shield)
rNeg    . . .        Z - +2 robe {rC+ rF+}
rPois   .            W - +2 hat {Will+}
rElec   .            T - +2 cloak
rCorr   .            E - +4 pair of gloves of Keen {Dex+5}
SInv    +            (boots unavailable)
Will    ++...        v - amulet of reflection
Stlth   ++           i - +6 ring of intelligence
HPRegen 0.43/turn    M - ring of Fidduste {Int+4 SInv}
MPRegen 0.23/turn

%: reflection
@: about to teleport
A: hooves 3, rugged brown scales 3, foul stench 1, powered by death 3
a: Renounce Religion


You were on level 2 of the Elven Halls.
You worshipped Vehumet.
Vehumet was extremely pleased with you.
You visited 5 branches of the dungeon, and saw 25 of its levels.
You also visited: Gauntlet.

You collected 3272 gold pieces.
You spent 1857 gold pieces at shops.

Inventory:

Hand Weapons
 e - a +0 dagger (weapon)
Missiles
 R - 3 throwing nets
Armour
 a - a +0 robe
 y - +0 steam dragon scales
 E - the +4 pair of gloves of Keen (worn) {Dex+5}
   (You found it on level 15 of the Dungeon)

   Dex+5:     It affects your dexterity (+5).
 F - a +2 robe of positive energy
 T - a +2 cloak (worn)
 W - a +2 hat of willpower (worn)
 Y - a +0 troll leather armour
 Z - a +2 robe of resistance (worn)
Jewellery
 h - an amulet of faith
 i - a +6 ring of intelligence (left hand)
 t - a ring of flight
 v - an amulet of reflection (around neck)
 w - a ring of positive energy
 M - the ring of Fidduste (right hand) {Int+4 SInv}
   (You acquired it in a Gauntlet)

   [ring of see invisible]

   Int+4:     It affects your intelligence (+4).
   SInv:      It lets you see invisible.
 P - a +6 ring of intelligence
 U - the ring "Unnul" {rPois rN+ SInv}
   (You found it in a Gauntlet)

   [ring of see invisible]

   rPois:     It protects you from poison rN+: It protects you from negative
   energy.
   SInv:      It lets you see invisible.
 V - the ring of Gioremom {Ice +Blink rPois Str+6}
   (You found it in a Gauntlet)

   [ring of ice]

   Ice:       It enhances your ice magic.
   Str+6:     It affects your strength (+6).
   rF-:       It makes you vulnerable to fire.
   rC+:       It protects you from cold.
   rPois:     It protects you from poison +Blink: It lets you blink.
Wands
 q - a wand of acid (6)
 r - a wand of mindburst (27)
 G - a wand of polymorph (11)
 I - a wand of flame (43)
 L - a wand of roots (6)
Scrolls
 c - 5 scrolls of amnesia
 d - a scroll of revelation
 f - a scroll of fog
 g - 2 scrolls of fear
 j - 7 scrolls of teleportation
 k - 2 scrolls of poison
 n - 4 scrolls of blinking
 o - 9 scrolls of immolation
 A - 4 scrolls of vulnerability
 B - 3 scrolls of enchant armour
 C - 2 scrolls of torment
 D - a scroll of enchant weapon
 J - 4 scrolls of noise
 N - a scroll of brand weapon
 S - 3 scrolls of summoning
 X - 5 scrolls of identify
Potions
 b - 6 potions of magic
 m - 10 potions of attraction
 p - 4 potions of mutation
 s - 7 potions of might
 u - 10 potions of curing
 x - 7 potions of haste
 z - a potion of cancellation
 H - 4 potions of brilliance
 K - a potion of invisibility
 Q - a potion of enlightenment
Miscellaneous
 O - a phantom mirror


   Skills:
 - Level 14.1 Fighting
 - Level 5.0 Dodging
 - Level 1.7 Stealth
 - Level 12.1 Spellcasting
 - Level 10.5 Conjurations
 - Level 5.0 Necromancy
 - Level 6.0 Translocations
 - Level 10.6 Fire Magic
 - Level 5.0 Ice Magic
 - Level 8.5 Air Magic
 - Level 8.5 Alchemy
 + Level 6.5 Evocations


You had 3 spell levels left.
You knew the following spells:

 Your Spells              Type           Power      Damage    Failure   Level
a - Sting                 Conj/Alch      100%       1d9       1%          1
b - Olgreb's Toxic Radia  Alch           65%        N/A       1%          4
c - Sticky Flame          Fire/Alch      69%        2d11      1%          4
d - Irradiate             Conj/Alch      34%        3d23      1%          5
e - Iskenderun's Mystic   Conj/Tloc      64%        2d13      1%          4
f - Airstrike             Air            32%        2d(5-21)  1%          4
g - Ignite Poison         Fire/Alch      69%        N/A       1%          4
h - Freezing Cloud        Conj/Ice/Air   31%        6-21      1%          5
i - Arcjolt               Conj/Air       34%        1d44      1%          5

Your spell library contained the following spells:

 Spells                   Type           Power      Damage    Failure   Level
 Freeze                   Ice            100%       1d10      1%          1
 Magic Dart               Conj           100%       1d8       1%          1
 Blink                    Tloc           100%       N/A       1%          2
 Mercury Vapours          Alch/Air       100%       N/A       1%          2
 Searing Ray              Conj           100%       2d8       1%          2
 Static Discharge         Conj/Air       100%       3-8/arc   1%          2
 Sublimation of Blood     Necr           50%        N/A       1%          2
 Frozen Ramparts          Ice            100%       1d16      1%          3
 Hailstorm                Conj/Ice       62%        3d11      1%          3
 Inner Flame              Hex/Fire       52%        N/A       1%          3
 Mephitic Cloud           Conj/Alch/Air  68%        N/A       1%          3
 Ozocubu's Armour         Ice            50%        N/A       1%          3
 Tukima's Dance           Hex            19%        N/A       8%          3
 Fulminant Prism          Conj/Alch      34%        3d16      1%          4
 Manifold Assault         Tloc           55%        N/A       1%          4
 Passage of Golubria      Tloc           55%        N/A       1%          4
 Alistair's Intoxication  Alch           43%        N/A       1%          5
 Yara's Violent Unravell  Hex/Alch       23%        3d10      3%          5
 Eringya's Noxious Bog    Alch           32%        4d6       3%          6
 Leda's Liquefaction      Alch/Erth      23%        N/A       4%          4
 Petrify                  Alch/Erth      46%        N/A       4%          4
 Summon Lightning Spire   Summ/Air       46%        N/A       4%          4
 Dimensional Bullseye     Hex/Tloc       19%        N/A       7%          4
 Summon Forest            Summ/Tloc      19%        N/A       21%         5
 Borgnjor's Vile Clutch   Necr/Erth      17%        N/A       24%         5
 Metabolic Englaciation   Hex/Ice        17%        N/A       24%         5
 Sculpt Simulacrum        Ice/Alch       29%        N/A       24%         6
 Dispersal                Tloc           27%        N/A       32%         6
 Ignition                 Fire           36%        3d11      45%         8
 Haunt                    Necr/Summ      17%        N/A       100%        7
 Borgnjor's Revivificati  Necr           25%        N/A       100%        8
 Disjunction              Tloc           27%        N/A       100%        8
 Death's Door             Necr           25%        N/A       100%        9


Dungeon Overview and Level Annotations

Branches:
Dungeon (15/15) Zot: 24425  Temple (1/1) D:4 Zot: 5922    Lair (5/5) D:10 Zot: 20696
  Swamp (0/4) Lair:2        Snake (0/4) Lair:3        Slime (0/5) Lair:4
    Orc (2/2) D:11 Zot: 8587     Elf (1/3) Orc:2 Zot: 11057  Vaults (0/5) D:14
 Depths (0/4) D:15        Gauntlet (visited)

Altars:
Ashenzari
Cheibriados
Dithmenos
Fedhas
Gozag
Hepliaklqana
Kikubaaqudgha
Makhleb
Nemelex Xobeh
Okawaru
Qazlal
Ru
Sif Muna
Trog
Uskayaw
Vehumet
Wu Jian
Xom
Yredelemnul
Beogh
Jiyva

Shops:
D:13 [?!(*   Orc:2 (*([=?   Elf:1 (

Annotations:
D:15 Roxanne


Innate Abilities, Weirdness & Mutations

You have hooves in place of feet.
You are completely covered in rugged brown scales. (AC +3, +7% HP)
You may rarely emit foul miasma when damaged in melee.
You regenerate a lot of health from kills.


Message History

The deep elf zephyrmancer points at you and mumbles some strange words.
The bolt of lightning misses you.
You hear a shout! x4
You regained 13 hp, and now have 44/142 hp.
Unknown command.
You feel much better.
You feel sick.
You are no longer poisoned.
The +2 scimitar of holy wrath hits you!
You convulse!!
* * * LOW HITPOINT WARNING * * *
The deep elf zephyrmancer gestures at you while chanting.
The bolt of lightning hits you!!
* * * LOW HITPOINT WARNING * * *
You take 31 damage, and have 13/142 hp.
MASSIVE DAMAGE!!
As you read the scroll of fog, it dissolves into smoke.
The +2 scimitar of holy wrath hits you but does no damage.
The +2 scimitar of holy wrath misses you.
The deep elf knight gestures wildly while chanting.
The deep elf knight flickers and vanishes for a moment.
Your surroundings suddenly seem different.
As you read the scroll of teleportation, it crumbles to dust.
You feel strangely unstable.
Unknown command.
You start resting.
A deep elf blademaster is nearby!
As you read the scroll of fog, it dissolves into smoke.
Your surroundings suddenly seem different.
A deep elf knight, a +0 quick blade of electrocution, a +5 glaive of freezing and a +0 short sword of flaming come into view.
Found 2 scrolls of enchant weapon.
Unknown command.
Blink to where?
Press: ? - help, Q - select action, (/) - cycle Dir - move target
As you read the scroll of blinking, it crumbles to dust.
As you read the scroll of fog, it dissolves into smoke.
As you read the scroll of teleportation, it crumbles to dust.
You feel strangely unstable.
Unknown command.
The +5 glaive of freezing hits you from afar!!
* * * LOW HITPOINT WARNING * * *
The +5 glaive of freezing freezes you.
You die...

## ##### ##.#
##...###
..##..§##......#
......§§§......##
.....§§@§§#.....#
.....§§§§###....#
.....§§(## ##..##
.......§## #..#
.........# ....
.........###...#
......(.(.#....#
........§.......
.##............


You could see a +5 glaive of freezing.

Vanquished Creatures
  Rupert (D:15)
  Agnes (D:14)
  Donald (Orc:1)
  A deep elf sorcerer (Elf:1)
  Louise (D:15)
  A deep elf elementalist (Elf:1)
  An orc warlord (Orc:2)
  A very ugly thing (D:15)
  A deep elf death mage (Elf:1)
  A minotaur (Gauntlet)
  A fire dragon (D:14)
  3 hydras
  An ogre mage (D:15)
  3 boulder beetles
  5 centaur warriors
  8 two-headed ogres
  11 death yaks
  A deep troll earth mage (D:15)
  An orc high priest (Orc:2)
  Nergalle (Orc:2)
  6 deep elf knights (Elf:1)
  A skyshark (Lair:5)
  Amaemon (D:9)
  A glowing orange brain (D:14)
  6 skeletal warriors
  2 deep elf archers (Elf:1)
  Pikel (D:7)
  6 orc knights
  13 deep elf zephyrmancers (Elf:1)
  A necromancer (Gauntlet)
  5 orc sorcerers
  2 deep elf pyromancers
  13 ugly things
  7 cyclopes
  3 oklob plants
  3 manticores
  A salamander (Lair:3)
  4 elephants (Lair:2)
  2 black mambas
  22 cane toads
  An unseen horror (D:12)
  10 komodo dragons
  An orange demon (D:9)
  2 rime drakes
  Maggie (D:9)
  An unseen horror (shapeshifter) (D:12)
  3 torpor snails
  Jeremiah (D:7)
  5 yaktaurs (D:14)
  8 trolls
  A polar bear (Lair:4)
  3 tyrant leeches
  A hornet (D:7)
  4 dream sheep (Lair:5)
  29 blink frogs
  3 wraiths
  2 shadows
  A centaur simulacrum (D:14)
  16 slime creatures
  68 yaks
  2 wyverns
  A wyvern (shapeshifter) (D:15)
  Grum (D:11)
  7 basilisks
  7 wargs
  A steam dragon (shapeshifter) (D:15)
  A steam dragon (D:8)
  5 vampire mosquitoes (Lair:5)
  3 acid dragons
  2 nagas (Lair:3)
  9 water moccasins
  26 orc warriors
  A meliai simulacrum (D:14)
  31 wolves
  2 ogres
  14 centaurs
  2 phantoms (D:5)
  2 kobold brigands
  26 bullfrogs
  A gnoll sergeant (D:7)
  2 earth elementals (Elf:1)
  A scorpion (D:5)
  5 wights
  7 killer bees
  4 howler monkeys
  10 electric eels
  A lava snake (D:9)
  A gnoll bouda (D:7)
  12 orc priests
  4 bombardier beetles
  2 jellies (Lair:4)
  2 hounds (D:5)
  An iguana (shapeshifter) (D:15)
  A sleepcap (D:6)
  3 iguanas
  22 orc wizards
  11 hell rats (Lair:4)
  7 adders
  12 gnolls
  3 shadow imps
  12 white imps (Lair:5)
  6 ufetubi
  2 dart slugs
  2 ribbon worms (D:2)
  48 orcs
  2 ball pythons
  11 endoplasms
  5 giant cockroaches
  4 goblins
  4 hobgoblins
  5 jackals
  12 kobolds
  3 quokkas
  3 training dummies (Elf:1)
  5 frilled lizards
  6 rats
  A butterfly (Lair:3)
692 creatures vanquished.

Notes
Turn   | Place    | Note
-------+----------+-------------------------------------------
     0 | D:1      | Rudyous the Demonspawn Alchemist began the quest for the
                  | Orb.
     0 | D:1      | Reached XP level 1. HP: 13/13 MP: 3/3
   204 | D:1      | Gained mutation: You have large cloven feet. [demonic
                  | ancestry]
   204 | D:1      | Reached XP level 2. HP: 15/20 MP: 1/5
   639 | D:1      | Reached skill level 1 in Fighting
   734 | D:1      | Gained mutation: You may rarely emit foul miasma when
                  | damaged in melee. [demonic ancestry]
   734 | D:1      | Reached XP level 3. HP: 26/26 MP: 1/6
   976 | D:2      | Reached skill level 1 in Fire Magic
  1299 | D:2      | Identified the +2 mace "Dikhiph" {freeze, rC+ Str+3}
  1420 | D:2      | Gained mutation: You have hoof-like feet. [demonic
                  | ancestry]
  1420 | D:2      | Reached XP level 4. HP: 17/32 MP: 2/7
  2968 | D:3      | Noticed a bullfrog
  2975 | D:3      | Killed a bullfrog
  2976 | D:3      | Reached skill level 2 in Fighting
  2976 | D:3      | Gained mutation: You have hooves in place of feet. [demonic
                  | ancestry]
  2976 | D:3      | Reached XP level 5. HP: 16/38 MP: 1/9
  3565 | D:4      | Found a staircase to the Ecumenical Temple.
  3605 | Temple   | Entered the Ecumenical Temple
  3644 | Temple   | Became a worshipper of Vehumet
  4480 | D:5      | Entered Level 5 of the Dungeon
  4480 | D:5      | Noticed a phantom
  4667 | D:5      | Noticed a phantom
  4855 | D:5      | Reached XP level 6. HP: 45/45 MP: 5/10
  4919 | D:5      | Noticed a water moccasin
  4930 | D:5      | Killed a water moccasin
  5257 | D:6      | Learned a level 4 spell: Olgreb's Toxic Radiance
  5585 | D:7      | Reached skill level 3 in Fighting
  5585 | D:7      | Gained mutation: You are partially covered in rugged brown
                  | scales. (AC +1, +3% HP) [demonic ancestry]
  5585 | D:7      | Reached XP level 7. HP: 22/53 MP: 2/12
  5873 | D:6      | Found a shadowy altar of Dithmenos.
  6583 | D:5      | Reached * piety under Vehumet
  6583 | D:5      | Offered knowledge of Sandblast by Vehumet.
  6637 | D:5      | Found a sparkling altar of Nemelex Xobeh.
  6673 | D:5      | Reached skill level 5 in Alchemy
  6718 | D:5      | Reached XP level 8. HP: 33/61 MP: 9/14
  6881 | D:5      | Reached skill level 4 in Fighting
  7501 | D:7      | Learned a level 4 spell: Sticky Flame
  7702 | D:7      | Offered knowledge of Kiss of Death by Vehumet.
  7799 | D:7      | Reached ** piety under Vehumet
  8072 | D:7      | Noticed Jeremiah
  8081 | D:7      | Killed Jeremiah
  8082 | D:7      | Reached skill level 5 in Dodging
  8082 | D:7      | Reached skill level 5 in Spellcasting
  8223 | D:7      | Identified the +4 hand axe of Prudence {freeze, Will+ Str+4
                  | Int-5}
  8302 | D:7      | Reached skill level 5 in Fighting
  8302 | D:7      | Gained mutation: You are mostly covered in rugged brown
                  | scales. (AC +2, +5% HP) [demonic ancestry]
  8302 | D:7      | Reached XP level 9. HP: 55/71 MP: 5/16
  8563 | D:7      | Reached skill level 1 in Translocations
  8908 | D:8      | Noticed Pikel
  8934 | D:7      | Killed Pikel
  8935 | D:7      | Reached skill level 5 in Fire Magic
  9601 | D:8      | Reached skill level 6 in Fighting
 10015 | D:8      | Noticed a troll
 10023 | D:8      | Killed a troll
 10024 | D:8      | Gained mutation: You regenerate a little health from kills.
                  | [demonic ancestry]
 10024 | D:8      | Reached XP level 10. HP: 52/79 MP: 10/19
 10343 | D:9      | Noticed Maggie
 10351 | D:9      | Killed Maggie
 10471 | D:9      | Offered knowledge of Inner Flame by Vehumet.
 11067 | D:9      | Reached skill level 7 in Fighting
 11863 | D:9      | Noticed a two-headed ogre
 11869 | D:9      | Killed a two-headed ogre
 12137 | D:9      | Noticed Amaemon
 12140 | D:9      | Noticed an orange demon
 12156 | D:9      | Killed an orange demon
 12156 | D:9      | Reached *** piety under Vehumet
 12162 | D:9      | Killed Amaemon
 12163 | D:9      | Reached skill level 5 in Translocations
 12163 | D:9      | Gained mutation: You regenerate health from kills. [demonic
                  | ancestry]
 12163 | D:9      | Reached XP level 11. HP: 81/88 MP: 12/22
 12754 | D:9      | Learned a level 5 spell: Irradiate
 12775 | D:10     | Entered Level 10 of the Dungeon
 12981 | D:10     | Noticed a two-headed ogre
 12989 | D:10     | Killed a two-headed ogre
 13113 | D:10     | Found a staircase to the Lair.
 13113 | D:10     | Noticed an oklob plant
 13120 | D:10     | Learned a level 4 spell: Iskenderun's Mystic Blast
 13999 | D:10     | Reached skill level 10 in Fighting
 13999 | D:10     | Reached skill level 5 in Air Magic
 13999 | D:10     | Reached XP level 12. HP: 101/101 MP: 23/23
 14128 | D:11     | Found a staircase to the Orcish Mines.
 14350 | D:11     | Noticed a centaur warrior
 14363 | D:11     | Noticed Grum
 14365 | D:11     | Killed a centaur warrior
 14375 | D:11     | Noticed a boulder beetle
 14613 | D:11     | Killed Grum
 15033 | D:11     | Learned a level 4 spell: Airstrike
 15099 | Orc:1    | Entered Level 1 of the Orcish Mines
 15217 | Orc:1    | Offered knowledge of Flame Wave by Vehumet.
 15822 | Orc:2    | Entered Level 2 of the Orcish Mines
 15822 | Orc:2    | Noticed Donald
 15822 | Orc:2    | Found a staircase to the Elven Halls.
 15830 | Orc:1    | Killed Donald
 16103 | Orc:2    | Found Rutotett's Magic Scroll Shoppe.
 16174 | Orc:2    | Bought a scroll of teleportation for 42 gold pieces
 16174 | Orc:2    | Bought a scroll of identify for 28 gold pieces
 16174 | Orc:2    | Bought a scroll of summoning for 133 gold pieces
 16174 | Orc:2    | Bought a scroll of identify for 28 gold pieces
 16189 | Orc:2    | Noticed an orc high priest
 16192 | Orc:2    | Killed an orc high priest
 16601 | Orc:2    | Noticed an orc warlord
 16618 | Orc:2    | Reached **** piety under Vehumet
 16775 | Orc:2    | Gained mutation: You are completely covered in rugged brown
                  | scales. (AC +3, +7% HP) [demonic ancestry]
 16775 | Orc:2    | Reached XP level 13. HP: 103/112 MP: 6/25
 17142 | Orc:2    | Offered knowledge of Ignite Poison by Vehumet.
 17163 | Orc:2    | Learned a level 4 spell: Ignite Poison
 17240 | Orc:2    | Noticed Nergalle
 17244 | Orc:2    | Killed Nergalle
 17245 | Orc:2    | Reached skill level 11 in Fighting
 17247 | Orc:2    | Killed an orc warlord
 17263 | Orc:2    | Reached skill level 5 in Conjurations
 17486 | Orc:2    | Found a roughly hewn altar of Beogh.
 17600 | Orc:2    | Found Vethemy's Jewellery Shoppe.
 17602 | Orc:2    | Found Nauxkuh's Antique Armour Shoppe.
 17774 | Orc:2    | Bought a spiked leather armour for 196 gold pieces
 17774 | Orc:2    | Identified the +0 leather armour "Biurr" {Str+3 Dex+3
                  | Stlth+} (You bought it in a shop on level 2 of the Orcish
                  | Mines)
 17774 | Orc:2    | Bought an embroidered cloak for 210 gold pieces
 17795 | Orc:2    | Found Patinek's General Store.
 17802 | Orc:2    | Bought a scroll of identify for 28 gold pieces
 17802 | Orc:2    | Bought a scroll of revelation for 105 gold pieces
 17820 | Orc:2    | Found Pyowuat's Antique Weapon Shoppe.
 17947 | Orc:2    | Found Valeimp's Antique Weapon Emporium.
 18367 | Orc:1    | Found a roughly hewn altar of Beogh.
 18380 | Orc:1    | You fall into a shaft and drop 1 floor!
 18778 | Lair:1   | Entered Level 1 of the Lair of Beasts
 20006 | Lair:2   | Reached ***** piety under Vehumet
 20006 | Lair:2   | Offered knowledge of Orb of Destruction by Vehumet.
 20141 | Lair:2   | Identified a scroll of acquirement
 20819 | Lair:2   | Found a staircase to the Swamp.
 21196 | Lair:3   | Upgraded the game from 0.32-a0-329-ge6c31236d6 to
                  | 0.32-a0-361-g289a535e89
 21302 | Lair:3   | Found a blossoming altar of Fedhas.
 22283 | Lair:3   | Found a staircase to the Snake Pit.
 23212 | Lair:4   | Offered knowledge of Freezing Cloud by Vehumet.
 23213 | Lair:4   | Gained mutation: You regenerate a lot of health from kills.
                  | [demonic ancestry]
 23213 | Lair:4   | Reached XP level 14. HP: 119/121 MP: 20/27
 23215 | Lair:4   | Reached skill level 12 in Fighting
 23888 | Lair:4   | Reached skill level 10 in Spellcasting
 24241 | Lair:4   | Found a staircase to the Slime Pits.
 24241 | Lair:4   | Found a viscous altar of Jiyva.
 24614 | Lair:5   | Entered Level 5 of the Lair of Beasts
 24656 | Lair:5   | Found a gate leading to a gauntlet.
 25028 | Gauntlet | Entered a Gauntlet
 25028 | Gauntlet | Found a transporter.
 25090 | Gauntlet | Found a transporter.
 25092 | Gauntlet | Found a transporter.
 25099 | Gauntlet | Found a transporter.
 25114 | Gauntlet | Found a transporter.
 25116 | Gauntlet | Found a large runed translucent door.
 25117 | Gauntlet | Found a large runed translucent door.
 25118 | Gauntlet | Found a large runed translucent door.
 25118 | Gauntlet | Found a large runed translucent door.
 25118 | Gauntlet | Found a runed translucent door.
 25119 | Gauntlet | Found a transporter.
 25120 | Gauntlet | Found a runed translucent door.
 25121 | Gauntlet | Found a large runed translucent door.
 25121 | Gauntlet | Found a large runed translucent door.
 25122 | Gauntlet | Found a large runed translucent door.
 25123 | Gauntlet | Found a large runed translucent door.
 25129 | Gauntlet | Found a large runed translucent door.
 25129 | Gauntlet | Found a large runed translucent door.
 25130 | Gauntlet | Found a large runed translucent door.
 25130 | Gauntlet | Found a large runed translucent door.
 25131 | Gauntlet | Found a large runed translucent door.
 25131 | Gauntlet | Found a large runed translucent door.
 25132 | Gauntlet | Found a runed translucent gate.
 25132 | Gauntlet | Found a runed translucent gate.
 25132 | Gauntlet | Found a runed translucent gate.
 25134 | Gauntlet | Found a transporter.
 25144 | Gauntlet | Found a large runed translucent door.
 25145 | Gauntlet | Found a large runed translucent door.
 25153 | Gauntlet | Found a transporter.
 25165 | Gauntlet | Found a transporter.
 25177 | Gauntlet | Found a transporter.
 25189 | Gauntlet | Found a transporter.
 25204 | Gauntlet | Found a transporter.
 25218 | Gauntlet | Found a transporter.
 25235 | Gauntlet | Found a transporter.
 25237 | Gauntlet | Found a transporter.
 25340 | Gauntlet | Found a transporter.
 25362 | Gauntlet | Found a transporter.
 25423 | Gauntlet | Found a transporter.
 25518 | Gauntlet | Identified the ring "Unnul" {rPois rN+ SInv}
 25561 | Gauntlet | Identified the ring of Gioremom {Ice +Blink rPois Str+6}
 25992 | Gauntlet | Acquired the ring of Fidduste {Int+4 SInv}
 26180 | Gauntlet | Found the +3 Mad Mage's Maulers {Infuse+∞ VampMP -Cast}
 26194 | Lair:5   | Learned a level 5 spell: Freezing Cloud
 26206 | Lair:5   | Upgraded the game from 0.32-a0-361-g289a535e89 to
                  | 0.32-a0-391-gce5c0aab1b
 26352 | Lair:5   | Reached skill level 1 in Ice Magic
 27715 | Lair:5   | Reached skill level 13 in Fighting
 28106 | Lair:5   | Offered knowledge of Ozocubu's Refrigeration by Vehumet.
 28109 | Lair:5   | Reached skill level 1 in Necromancy
 28175 | Lair:5   | Reached XP level 15. HP: 115/132 MP: 8/30
 29465 | D:11     | Identified the +0 scale mail of a Gauntlet {rC+ Int-4
                  | Slay+3}
 29470 | D:11     | You fall into a shaft and drop 2 floors!
 29470 | D:13     | Found an ornate altar of the Wu Jian Council.
 29479 | D:13     | Found Lonk's Magic Scroll Boutique.
 29497 | D:13     | Bought a scroll of teleportation for 42 gold pieces
 29497 | D:13     | Bought a scroll of teleportation for 42 gold pieces
 29497 | D:13     | Bought a scroll of blinking for 105 gold pieces
 29497 | D:13     | Bought a scroll of identify for 28 gold pieces
 29497 | D:13     | Bought a scroll of identify for 28 gold pieces
 29497 | D:13     | Bought 2 scrolls of teleportation for 84 gold pieces
 29739 | D:13     | Found Nilize's Antique Weapon Emporium.
 29753 | D:13     | Found Orphenah's General Store.
 29785 | D:13     | Found Wusosam's Distillery.
 30792 | D:12     | Offered knowledge of Arcjolt by Vehumet.
 30907 | D:12     | Learned a level 5 spell: Arcjolt
 31128 | D:12     | Acquired 654 gold pieces
 32143 | D:13     | Identified the +6 plate armour of Agnosticism {rF+ rC-
                  | rCorr Int+4}
 32406 | D:13     | Found Luutoini's Armour Shoppe.
 32409 | D:13     | Bought a +0 robe of resistance for 443 gold pieces
 32972 | D:13     | Bought 3 scrolls of enchant armour for 315 gold pieces
 33460 | D:14     | Reached skill level 5 in Ice Magic
 33507 | D:14     | Found a gate to the Vaults.
 34377 | D:15     | Entered Level 15 of the Dungeon
 34377 | D:15     | Noticed Agnes
 34378 | D:15     | Identified the maw talisman of the Sea {rElec rN++ MP+9
                  | Str+3}
 34378 | D:15     | Noticed Rupert
 34384 | D:14     | Killed Agnes
 34385 | D:14     | Reached skill level 10 in Conjurations
 34613 | D:15     | Reached skill level 5 in Necromancy
 34761 | D:15     | Killed Rupert
 34762 | D:15     | Reached skill level 10 in Fire Magic
 34861 | D:15     | Noticed Louise
 34872 | D:15     | Killed Louise
 35325 | D:15     | Reached skill level 14 in Fighting
 35921 | D:15     | Noticed Roxanne
 35966 | D:15     | Reached XP level 16. HP: 142/142 MP: 17/32
 36124 | D:15     | Identified the +4 pair of gloves of Keen {Dex+5}
 36190 | D:15     | Found a staircase to the Depths.
 36796 | D:15     | Upgraded the game from 0.32-a0-391-gce5c0aab1b to
                  | 0.32-a0-411-g744942f433
 36962 | Elf:1    | Entered Level 1 of the Elven Halls
 36970 | Elf:1    | Reached skill level 1 in Evocations
 37399 | Elf:1    | Reached skill level 5 in Evocations
 37742 | Elf:1    | Got Cepla's Notes on Translocational Effluvium
 37799 | Elf:1    | Found Bixiyvih's Firing Range.
 38149 | Elf:1    | You fall into a shaft and drop 1 floor!
 38163 | Elf:2    | Noticed a deep elf blademaster
 38180 | Elf:2    | HP: 1/142 [+5 glaive of freezing (18)]
 38180 | Elf:2    | Slain by a +5 glaive of freezing

Illustrated notes

Levels and vault maps discovered:
D:1:      co_arrival_hexagon_in_a_hexagon, layout_rooms,
          chequers_serial_rivers_micro_b
D:2:      layout_loops_ring
D:3:      layout_basic, nicolae_kite_square_tiling_tiny,
          minmay_misc_feat_encased, minmay_misc_feat_tower,
          grunt_decor_resistance, serial_bayou_lagoon_b
D:4:      layout_layer_cave, minmay_temple_entry_waves
D:5:      layout_gridville, lemuel_crystal_altar
D:6:      layout_basic, mainiacjoe_overflow_catwalk
D:7:      layout_gridville, uniq_jeremiah
D:8:      layout_loops_ring, grunt_tough_drop, uniq_pikel
D:9:      cheibrodos_two_vegetables, layout_loops_ring, serial_glass,
          glass_columns_a, glass_columns_c, glass_columns_a, glass_columns_a,
          grunt_decor_junction, uniq_maggie, uniq_amaemon
D:10:     layout_loops_ring, dpeg_oklobed_lair, amethyst_killhole,
          minmay_splitting_lines, hex_large, minmay_stone_trees_small
D:11:     layout_basic, orc_0_dummy, uniq_grum
D:12:     layout_gridville, serial_co_window_serial, co_window_paths_a,
          co_window_paths_a, co_window_paths_b, co_window_paths_b,
          co_window_paths_b, co_window_broadway_c, co_window_corner_ca,
          co_window_corner_cb, co_window_broadway_a
D:13:     layout_big_octagon, serial_shops, nicolae_shop_stone, kennysheep_mini,
          nicolae_shop_temple_entry_statues_fountains, nicolae_shop_peninsula,
          shop, nicolae_wu_jian_wuxing_cycle
D:14:     layout_stronghold, hellmonk_vaults_attempted_burglary,
          minmay_shattered_shrine
D:15:     hellmonk_depths_entry_around_the_bend, layout_small_grid,
          serial_bayou_pond_d, uniq_roxanne, uniq_agnes, uniq_louise,
          uniq_rupert
Temple:   mainiacjoe_temple_big_plus
Lair:1:   layout_chaotic_city, grunt_megastairs_1, infiniplex_staircase_pool
Lair:2:   layout_regular_city, swamp_mist_pool
Lair:3:   layout_cave_pods, alex1729_snake_entry_snake, tgw_fedhas,
          lemuel_fruit_fields
Lair:4:   layout_cave_shapes, nicolae_slime_entry_slimehenge,
          beast_lair_carwin_8
Lair:5:   minmay_lair_end_frog_pond, layout_regular_city,
          portal_ice_cave_entry_imps, gauntlet_entry_generic
Orc:1:    layout_caves, basic_altar
Orc:2:    grunt_orc_cross, layout_caves, serial_shops, shop_fountains, shop,
          uniq_donald
Elf:1:    eino_elf_arrival_shootout, layout_rooms,
          nicolae_elf_shapeshifter_party, st_stairs_6, glass_columns_b,
          nicolae_shop_firing_range
Elf:2:    elven_hall_of_blades_hangedman_original [mumra_blade_entry_bloodbath],
          layout_geoelf_diagonals

Skill      XL: |  1  2  3  4  5  6  7  8  9 10 11 12 13 14 15 16 |
---------------+-------------------------------------------------+-----
Dodging        | 2 3 4 5 |  5.0
Fighting       | 1 2 3 5 6 7 10 11 13 14 | 14.1
Fire Magic     | 1 2 3 4 5 7 8 9 10 | 10.6
Spellcasting   | 3 4 5 6 7 8 9 11 12 | 12.1
Alchemy        | 4 5 6 7 8 |  8.5
Translocations | 3 5 6 |  6.0
Conjurations   | 2 4 6 9 10 | 10.5
Air Magic      | 5 6 7 8 |  8.5
Ice Magic      | 3 5 |  5.0
Necromancy     | 2 5 |  5.0
Evocations     | 6 |  6.5
Stealth        | |  1.7

Action                     |  1- 3 |  4- 6 |  7- 9 | 10-12 | 13-15 | 16-18 || total
---------------------------+-------+-------+-------+-------+-------+-------++-------
  Melee: Unarmed           |     4 |       |       |       |       |       ||     4
         Dagger            |     9 |    17 |    44 |    56 |    86 |     5 ||   217
         Kick              |     1 |     5 |    17 |    26 |    40 |     2 ||    91
   Cast: Sting             |    62 |   136 |   120 |    56 |       |       ||   374
         Olgreb's Toxic Ra |       |       |    18 |    52 |   109 |    23 ||   202
         Sticky Flame      |       |       |    19 |    49 |    17 |       ||    85
         Iskenderun's Myst |       |       |       |    20 |    65 |    14 ||    99
         Airstrike         |       |       |       |    41 |   353 |    17 ||   411
         Irradiate         |       |       |       |     9 |     8 |     1 ||    18
         Ignite Poison     |       |       |       |       |   134 |    38 ||   172
         Freezing Cloud    |       |       |       |       |    24 |     3 ||    27
         Arcjolt           |       |       |       |       |     3 |       ||     3
  Evoke: Wand              |       |     4 |     7 |    13 |     5 |       ||    29
    Use: Scroll            |       |     1 |       |    12 |    19 |    11 ||    43
         Potion            |       |       |       |     2 |     1 |     2 ||     5
   Stab: Sleeping          |       |       |       |       |     1 |       ||     1
 Armour: Robe              |    26 |    63 |    69 |       |    35 |    32 ||   225
         Steam dragon scal |       |       |    11 |   136 |   201 |       ||   348
  Dodge: Dodged            |    21 |    79 |    96 |   123 |   159 |    14 ||   492
  Block: Other             |       |       |    17 |    45 |    68 |     3 ||   133
         Reflection        |       |       |     3 |     7 |    11 |       ||    21

Table legend: (Time is in decaauts)
 A = Elapsed time spent in this place.
 B = Non-inter-level travel time spent in this place.
 C = Inter-level travel time spent in this place.
 D = Time resting spent in this place.
 E = Time spent auto-exploring this place.
 F = Levels seen in this place.
 G = Mean time per level.
                   A        B        C        D        E       F      G
               +--------+--------+--------+--------+--------+-----+--------+
         Total |  38323 |  36552 |   1771 |  11910 |  19774 |  26 | 1474.0 |
       Dungeon |  23424 |  22326 |   1098 |   5922 |  13617 |  15 | 1561.6 |
        Temple |     77 |      2 |     75 |      0 |      0 |   1 |   77.0 |
          Lair |   9303 |   8850 |    453 |   3339 |   4481 |   5 | 1860.6 |
  Orcish Mines |   3412 |   3268 |    144 |   1831 |    948 |   2 | 1706.0 |
   Elven Halls |    942 |    942 |      0 |    346 |    384 |   2 |  471.0 |
      Gauntlet |   1163 |   1163 |      0 |    472 |    344 |   1 | 1163.0 |
               +--------+--------+--------+--------+--------+-----+--------+

Top non-repeatable levels by time:
    D:14: 2521 daAuts
  Lair:4: 2509 daAuts
     D:9: 2408 daAuts
  Lair:3: 2399 daAuts
   Orc:2: 2067 daAuts
  Lair:5: 1985 daAuts
    D:11: 1934 daAuts
     D:5: 1875 daAuts
     D:7: 1810 daAuts
    D:10: 1734 daAuts
     D:8: 1515 daAuts
    D:12: 1503 daAuts
    D:13: 1438 daAuts
     D:3: 1380 daAuts
    D:15: 1356 daAuts
